 Dungeon Crawl Stone Soup version 0.28.0-45-g0d030f2227 (webtiles) character file.

Game seed: 14849628981046554761

75 Descartes the Firebug (level 4, 0/29 HPs)
             Began as an Octopode Wanderer on Apr 13, 2022.
             Slain by an orc wizard
             ... wielding a +0 dagger of freezing
              (1 damage)
             ... on level 3 of the Dungeon.
             The game lasted 00:02:58 (1986 turns).

Descartes the Firebug (Octopode Wanderer)           Turns: 1986, Time: 00:02:59

Health: 0/29       AC:  1    Str: 11    XL:     4   Next: 31%
Magic:  8/8        EV: 12    Int: 17    God:
Gold:   113        SH:  3    Dex: 10    Spells: 8/9 levels left

rFire   . . .      SeeInvis .   h - +1 whip (venom)
rCold   . . .      Faith    .   b - +0 buckler
rNeg    . . .      Spirit   .   (helmet restricted)
rPois   .          Reflect  .   (no amulet)
rElec   .          Harm     .   (no ring)
rCorr   .          Rampage  .   (no ring)
Will    .....                   (no ring)
Stlth   +++.......              (no ring)
HPRegen 0.09/turn               (no ring)
MPRegen 0.11/turn               (no ring)
                                (no ring)
                                (no ring)

@: no status effects
A: almost no armour, amphibious, 8 rings, camouflage 1, gelatinous body 1,
(nimble swimmer 1), tentacles
a: no special abilities


You were on level 3 of the Dungeon.
You visited 1 branch of the dungeon, and saw 3 of its levels.

You collected 113 gold pieces.

Inventory:

Hand Weapons
 h - a +1 whip of venom (weapon)
Missiles
 a - 49 stones (quivered)
 k - 31 arrows
 l - 2 poisoned darts
Armour
 b - a +0 buckler (worn)
Jewellery
 j - a ring of positive energy
Scrolls
 c - a scroll of immolation {unknown}
 d - 3 scrolls of identify {unknown}
 e - a scroll of silence {unknown}
 g - a scroll of blinking {unknown}
 i - a scroll of enchant weapon {unknown}
 m - a scroll of amnesia {unknown}
Potions
 f - a potion of might {unknown}


   Skills:
 - Level 2.0 Fighting
 + Level 1.4 Dodging
 + Level 2.0 Stealth
 + Level 1.8 Shields
 + Level 3.2 Spellcasting
 + Level 1.3 Conjurations
 + Level 3.3 Fire Magic


You had 8 spell levels left.
You knew the following spells:

 Your Spells              Type           Power      Damage    Failure   Level
a - Foxfire               Conj/Fire      40%        2x1d6     9%          1

Your spell library contained the following spells:

 Spells                   Type           Power      Damage    Failure   Level
 Magic Dart               Conj           28%        1d4       13%         1
 Searing Ray              Conj           14%        2d5       19%         2
 Pain                     Necr           8%         1d4       22%         1
 Conjure Flame            Conj/Fire      10%        6-21      26%         3
 Mephitic Cloud           Conj/Pois/Air  4%         N/A       50%         3
 Spider Form              Tmut/Pois      2%         N/A       56%         3
 Swiftness                Air            2%         N/A       56%         3
 Fulminant Prism          Conj/Hex       2%         3d6       86%         4


Dungeon Overview and Level Annotations

Branches:
Dungeon (3/15)

Altars:


Innate Abilities, Weirdness & Mutations

You cannot wear most types of armour.
You are amphibious.
You can wear up to eight rings at the same time.
Your skin changes colour to match your surroundings (Stealth+).
Your rubbery body absorbs attacks. (AC +1, EV +1)
((You are camouflaged when in or above water. (Stealth+)))
You have tentacles for arms and can constrict up to eight enemies at once.


Message History

The orc hits you with a +0 club.
There is an open door here.
You barely miss the frilled lizard. Your grab misses the frilled lizard.
Your squeeze misses the frilled lizard.
The frilled lizard bites you but does no damage.
You miss the frilled lizard. Your grab misses the frilled lizard.
Your squeeze misses the frilled lizard. The frilled lizard bites you.
You miss the frilled lizard. Your grab misses the frilled lizard.
The frilled lizard bites you. You block the frilled lizard's attack.
You closely miss the frilled lizard. You grab the frilled lizard.
You squeeze the frilled lizard.
The frilled lizard is heavily wounded.
You constrict the frilled lizard.
You kill the frilled lizard!
You hit the orc but do no damage.
The orc is poisoned.
You grab the orc. You squeeze the orc.
The orc is heavily wounded.
You constrict the orc, but do no damage.
The orc closely misses you.
You hit the orc but do no damage.
The orc is severely wounded.
You constrict the orc, but do no damage.
The orc barely misses you.
You hit the orc but do no damage.
The orc looks even sicker.
The orc is severely wounded.
You constrict the orc, but do no damage.
You kill the orc!
You closely miss something. Something barely misses you. Something hits you.
Something freezes you.
You barely miss something. Something hits you. Something freezes you.
You closely miss something. Something hits you. Something freezes you.
* * * LOW HITPOINT WARNING * * *
You hit something. Your squeeze misses something. Something hits you.
* * * LOW HITPOINT WARNING * * *
Something freezes you.
* * * LOW HITPOINT WARNING * * *
You hit something. Your squeeze misses something. Something hits you.
* * * LOW HITPOINT WARNING * * *
Something freezes you.
You die...

#.#..>......#
#<#####.#.### #.#
#...#.# ##+# #.#
#.###.# ##...## #.#
#.# #.# ##.....##
#.###.###.#
##.......###...†.....#
#.........####...#####
+.........{@......#
#......)..##.#....#
##.......###.##...#
##.....## #.###..#
##...## #......# ##+#
#..###.# #......#
##.##### #.#


There were no monsters in sight!

Vanquished Creatures
  3 adders (D:2)
  A worm (D:2)
  2 dart slugs
  2 orcs (D:3)
  3 endoplasms
  2 giant cockroaches
  3 goblins
  A hobgoblin (D:2)
  2 jackals (D:1)
  6 quokkas
  6 ball pythons
  A bat (D:3)
  2 frilled lizards
  2 kobolds
  A rat (D:1)
37 creatures vanquished.

Notes
Turn   | Place    | Note
-------+----------+-------------------------------------------
     0 | D:1      | Descartes the Octopode Wanderer began the quest for the
                  | Orb.
     0 | D:1      | Descartes set off with the following items: a +0 club, a +0
                  | buckler; and the following spells available to memorise:
                  | Foxfire, Pain, Conjure Flame, Mephitic Cloud, Spider Form,
                  | Swiftness
     0 | D:1      | Reached XP level 1. HP: 14/14 MP: 4/4
     2 | D:1      | Learned a level 1 spell: Foxfire
   243 | D:1      | Reached XP level 2. HP: 17/19 MP: 6/6
   372 | D:1      | Reached skill level 1 in Stealth
   893 | D:2      | Reached skill level 1 in Dodging
   893 | D:2      | Reached skill level 1 in Conjurations
   893 | D:2      | Reached XP level 3. HP: 19/24 MP: 7/7
  1627 | D:2      | Reached XP level 4. HP: 29/29 MP: 8/8
  1986 | D:3      | HP: 1/29 [something (2)]
  1986 | D:3      | Slain by an orc wizard

Illustrated notes

Levels and vault maps discovered:
D:1:      lemuel_arrival_river_ford, layout_rooms
D:2:      layout_loops_ring, minmay_stone_trees_small, kennysheep_generic_room_9
D:3:      layout_loops_corners

Skill      XL: |  1  2  3  4 |
---------------+-------------+-----
Stealth        | 1 2 |  2.0
Dodging        | 1 |  1.4
Conjurations   | 1 |  1.3
Fighting       | |  2.0
Shields        | |  1.8
Spellcasting   | |  3.2
Fire Magic     | |  3.3

Action                   |  1- 3 |  4- 6 || total
-------------------------+-------+-------++-------
Melee: Club              |     9 |       ||     9
       Hand axe          |    12 |       ||    12
       Constrict         |    17 |     6 ||    23
       Tentacles         |     9 |     4 ||    13
       Whip              |    31 |    25 ||    56
 Stab: Sleeping          |     6 |     1 ||     7
Armor: Skin              |     5 |     1 ||     6
Dodge: Dodged            |    21 |    15 ||    36
Block: Buckler           |     8 |     2 ||    10
